 Dungeon Crawl Stone Soup version 0.32-a0-485-g70f7560b1c (webtiles) character file.

Game seed: 17540029184324907800

1362 Drazool the Basher (level 8, -2/58 (63) HPs)
             Began as a Mountain Dwarf Fighter on Feb 27, 2024.
             Was a Believer of Trog.
             Slain by a wight
             ... wielding a +0 battleaxe
              (8 damage)
             ... on level 7 of the Dungeon.
             The game lasted 00:16:45 (5581 turns).

Drazool the Basher (Mountain Dwarf Fighter)         Turns: 5581, Time: 00:16:46

HP:   -2/58 (63)    AC: 11    Str: 22    XL:     8   Next: 37%
MP:   17/17         EV: 10    Int: 10    God:    Trog [**....]
Gold: 265           SH:  0    Dex: 12    Spells: 7/7 levels left

rFire   . . .        v - +3 battleaxe
rCold   . . .        (shield currently unavailable)
rNeg    . . .        b - +1 ring mail "Huov" {Str+2 Dex+3}
rPois   .            e - +0 helmet
rElec   .            m - +0 cloak
rCorr   .            o - +0 pair of gloves
SInv    .            k - +0 pair of boots
Will    .....        (no amulet)
Stlth   +            M - ring of magical power
HPRegen 0.29/turn    (no ring)
MPRegen 0.15/turn

%: no passive effects
@: drained
A: runic magic, artefact enchanting
a: Renounce Religion, Berserk, Trog's Hand


You were on level 7 of the Dungeon.
You worshipped Trog.
Trog was pleased with you.
You visited 1 branch of the dungeon, and saw 7 of its levels.

You collected 319 gold pieces.
You spent 54 gold pieces at shops.


Innate Abilities, Weirdness & Mutations

Your spellcasting is much less encumbered by armour.
You can use scrolls of enchantment on lesser artefacts.


   Skills:
 - Level 3.2 Fighting
 + Level 3.4(8.4) Axes
 - Level 11.9(12.1) Maces & Flails
 - Level 3.2 Armour
 - Level 3.2 Shields


You had 7 spell levels left.
You didn't know any spells.
Your spell library was empty.

Inventory:

Hand Weapons
 a - a +0 flail
 n - a +2 dagger of speed
 v - a +3 battleaxe (weapon)
Missiles
 y - a javelin (quivered)
 z - 2 boomerangs
 C - a curare-tipped dart {=f}
 D - 6 poisoned darts
Armour
 b - the +1 ring mail "Huov" (worn) {Str+2 Dex+3}
   (You found it on level 3 of the Dungeon)

   Str+2:     It affects your strength (+2).
   Dex+3:     It affects your dexterity (+3).
 c - a +0 buckler
 e - a +0 helmet (worn)
 k - a +0 pair of boots (worn)
 m - a +0 cloak (worn)
 o - a +0 pair of gloves (worn)
 s - a +1 scale mail of positive energy
Jewellery
 M - a ring of magical power (left hand)
Scrolls
 g - 2 scrolls of teleportation {@r2}
 l - a scroll of noise {unknown}
 p - a scroll of revelation
 q - 2 scrolls of vulnerability
 t - a scroll of poison
 u - 3 scrolls of fear
Potions
 d - a potion of might
 f - a potion of mutation {unknown}
 h - 3 potions of heal wounds {unknown}
 i - a potion of magic {unknown}
 j - a potion of enlightenment {unknown}
 r - 2 potions of berserk rage {unknown}
 w - a potion of lignification {unknown}
 x - 2 potions of haste {unknown}
 A - a potion of degeneration {unknown}
 B - a potion of curing {unknown}
 E - a potion of cancellation {unknown}

Dungeon Overview and Level Annotations

Branches:
Dungeon (7/15)             Temple (0/1) D:7

Altars:
Ru
Trog

Shops:
D:2 [

Annotations:
D:3 1 runed translucent door, Crazy Yiuf

**,*******,,,,,,**,**,* *,,,*
**,**,,,,,,,,,,,,,,,,,****,,,****
,,,**,,,,,,,,,,,,*,**,,,,,,,,,,,,
*****,,,,,,zy.,*,,,,,,,,,,,,,,,,,
*,,,,........#.##...,,,,,,,,,
*,<,,...y..###.#####**,,,****
********#(....###.##### *,,,*
*,,,,,,,...#.##.....### *,,,*
**,******#..#.##@#.#.### *,,,*
**,* #..#.##z#.#.###**,,,* ,,,*
#........!#....,,,,***** *,,*
#....##>###.###***** *,, ,,,*
#?#####.....###*******,* **,*
#.######......#*,,,,,,,*
**,******#.######.##.#.#,,,,,,,,*
,,,,,,,,,..######.##...#,,****,,*
*********########.##....,,,,,*,,*


You could see a wight.


Message History

You hit the wight but do no damage.
The wight is almost destroyed.
The wight hits you with a +3 hand axe.
* * * LOW HITPOINT WARNING * * *
Unknown command.
You closely miss the wight.
The wight is almost destroyed.
The wight barely misses you.
You hit the wight.
You destroy the wight!
Trog accepts your kill. The wight barely misses you.
Your base Axes skill increases to level 3!
You hit the wight but do no damage. The wight barely misses you.
You closely miss the wight. The wight hits you with a +0 battleaxe.
* * * LOW HITPOINT WARNING * * *
You feel drained.
* * * LOW HITPOINT WARNING * * *
You hit the wight.
The wight is heavily damaged.
The wight hits you with a +0 battleaxe!
* * * LOW HITPOINT WARNING * * *
You feel drained.
* * * LOW HITPOINT WARNING * * *
You barely miss the wight.
The wight is heavily damaged.
The wight hits you with a +0 battleaxe.
* * * LOW HITPOINT WARNING * * *
The wight hits you with a +0 battleaxe!
You die...

Skill      XL: |  1  2  3  4  5  6  7  8 |
---------------+-------------------------+-----
Maces & Flails | 3 4 5 6 7 9 11 | 11.9
Axes           | 3 |  3.4
Fighting       | |  3.2
Armour         | |  3.2
Shields        | |  3.2

Action                     |  1- 3 |  4- 6 |  7- 9 || total
---------------------------+-------+-------+-------++-------
  Melee: Flail             |   121 |   184 |    72 ||   377
         Battleaxe         |       |       |    58 ||    58
  Throw: Javelin           |       |       |     2 ||     2
 Invoke: Berserk           |     1 |     3 |     3 ||     7
         Trog's Hand       |       |     1 |       ||     1
    Use: Scroll            |       |       |     6 ||     6
 Armour: Scale mail        |    81 |    54 |       ||   135
         Ring mail         |       |    32 |    81 ||   113
  Dodge: Dodged            |    65 |    61 |    56 ||   182
  Block: Buckler           |    22 |    33 |    15 ||    70

Levels and vault maps discovered:
D:1:      dpeg_arrival_connections, layout_basic,
          nicolae_ecumenical_snake_handling,
          hangedman_abyss_or_decor_lesser_grid
D:2:      layout_basic, serial_shops, shop, uniq_terence, uniq_natasha
D:3:      layout_loops_corners, palyth_stone_intersect,
          minmay_tree_intersection, uniq_crazy_yiuf_cottage
D:4:      layout_layer_cave, nicolae_ru_awakened_eye
D:5:      layout_basic
D:6:      layout_rooms, nicolae_shop_fire_sale [nicolae_sub_dead_trees],
          corexii_checkpoint, grunt_ministairs_15
D:7:      lemuel_ice_statue, layout_loops_cross,
          minmay_temple_entry_proselytizer

Notes
Turn   | Place    | Note
-------+----------+-------------------------------------------
     0 | D:1      | Drazool the Mountain Dwarf Fighter began the quest for the
                  | Orb.
     0 | D:1      | Reached XP level 1. HP: 19/19 MP: 1/1
    50 | D:1      | Reached skill level 3 in Maces & Flails
   139 | D:1      | Found a faded altar of an unknown god.
   143 | D:1      | Reached XP level 2. HP: 26/26 MP: 2/2
   156 | D:1      | Prayed at the altar of an unknown god.
   156 | D:1      | Became a worshipper of Trog the Wrathful
   156 | D:1      | Reached * piety under Trog
   321 | D:1      | Reached skill level 4 in Maces & Flails
   412 | D:1      | Reached XP level 3. HP: 31/31 MP: 3/3
   965 | D:2      | Noticed Natasha
   970 | D:2      | Found Neozxu's Armour Shoppe.
   976 | D:2      | Killed Natasha
   977 | D:2      | Reached skill level 5 in Maces & Flails
  1016 | D:2      | Noticed Natasha
  1029 | D:2      | Killed Natasha
  1030 | D:2      | Reached XP level 4. HP: 35/38 MP: 4/4
  1034 | D:2      | Bought a +0 pair of gloves for 54 gold pieces
  1083 | D:2      | Noticed Natasha
  1097 | D:2      | Killed Natasha
  1098 | D:2      | Reached skill level 6 in Maces & Flails
  1249 | D:2      | Reached XP level 5. HP: 43/45 MP: 5/5
  1476 | D:2      | Reached ** piety under Trog
  2001 | D:2      | Noticed Terence
  2009 | D:2      | Killed Terence
  2238 | D:3      | Identified the +1 ring mail "Huov" {Str+2 Dex+3}
  2400 | D:3      | Noticed a black bear
  2407 | D:3      | Killed a black bear
  2408 | D:3      | Reached skill level 7 in Maces & Flails
  2408 | D:3      | Reached XP level 6. HP: 51/51 MP: 6/6
  3094 | D:3      | Found a runed translucent door.
  3095 | D:3      | Noticed Crazy Yiuf
  3160 | D:4      | Found a sacrificial altar of Ru.
  3238 | D:4      | Reached skill level 8 in Maces & Flails
  3701 | D:4      | Reached skill level 9 in Maces & Flails
  3956 | D:4      | Reached XP level 7. HP: 56/57 MP: 7/7
  4151 | D:5      | Entered Level 5 of the Dungeon
  4389 | D:5      | Reached skill level 10 in Maces & Flails
  4738 | D:5      | Reached skill level 11 in Maces & Flails
  4945 | D:6      | Reached XP level 8. HP: 62/62 MP: 8/8
  5079 | D:6      | Identified the +4 spear of Integrity {drain, rF+ Int+2}
  5521 | D:6      | You fall into a shaft and drop 1 floor!
  5537 | D:7      | Reached skill level 2 in Axes
  5578 | D:7      | Reached skill level 3 in Axes
  5581 | D:7      | Slain by a wight

Vanquished Creatures
  A black bear (D:3)
  An ice beast (D:5)
  A kobold brigand (D:6)
  3 scorpions
  6 wights
  A killer bee (D:7)
  A howler monkey (D:5)
  2 bombardier beetles (D:4)
  2 jellies
  An orc priest (D:4)
  4 hounds
  Terence (D:2)
  Natasha (thrice) (D:2)
  A gnoll (D:6)
  3 adders
  A shadow imp (D:5)
  A ribbon worm (D:2)
  A dart slug (D:2)
  15 orcs
  4 bats
  10 endoplasms
  6 giant cockroaches
  10 hobgoblins
  4 quokkas
  12 ball pythons
  3 frilled lizards
  3 goblins
  13 kobolds
  6 rats
120 creatures vanquished.

Table legend: (Time is in decaauts)
 A = Elapsed time spent in this place.
 B = Non-inter-level travel time spent in this place.
 C = Inter-level travel time spent in this place.
 D = Time resting spent in this place.
 E = Time spent auto-exploring this place.
 F = Levels seen in this place.
 G = Mean time per level.
                   A        B        C        D        E       F      G
               +--------+--------+--------+--------+--------+-----+--------+
         Total |   5715 |   5568 |    147 |    421 |   3959 |   7 |  816.4 |
       Dungeon |   5715 |   5568 |    147 |    421 |   3959 |   7 |  816.4 |
               +--------+--------+--------+--------+--------+-----+--------+

Top non-repeatable levels by time:
     D:2: 1303 daAuts
     D:4: 1136 daAuts
     D:1: 966 daAuts
     D:3: 960 daAuts
     D:6: 645 daAuts
     D:5: 635 daAuts
     D:7: 66 daAuts

Table legend:
 A = Non-vault XP
 B = Vault XP
 C = Vault XP percentage of total XP
 D = Non-vault monster count
 E = Vault monster count
 F = Vault count percentage of total count
                 A         B        C        D         E       F
            +---------+---------+-------+---------+---------+-------
      Total |    1873 |      74 |   3.8 |     116 |       4 |   3.3
            +---------+---------+-------+---------+---------+-------
        D:1 |      50 |       3 |   5.7 |      28 |       2 |   6.7
        D:2 |     136 |      71 |  34.3 |      26 |       2 |   7.1
        D:3 |     173 |       0 |   0.0 |      16 |       0 |   0.0
        D:4 |     448 |       0 |   0.0 |      14 |       0 |   0.0
        D:5 |     427 |       0 |   0.0 |      12 |       0 |   0.0
        D:6 |     425 |       0 |   0.0 |      17 |       0 |   0.0
        D:7 |     214 |       0 |   0.0 |       3 |       0 |   0.0
            +---------+---------+-------+---------+---------+-------
